 Dungeon Crawl Stone Soup version 0.19-a0-805-g0a78ef0 (webtiles) character file.

104 seren the Grave Robber (level 4, -6/30 HPs)
             Began as a Demonspawn Necromancer on June 27, 2016.
             Killed by divine providence
             ... invoked by an orc priest
              (12 damage)
             ... on level 3 of the Dungeon.
             The game lasted 00:09:38 (2324 turns).

seren the Grave Robber (Demonspawn Necromancer)     Turns: 2324, Time: 00:09:40

Health: -6/30      AC:  2    Str:  8    XL:     4   Next: 52%
Magic:  3/7        EV:  9    Int: 18    God:
Gold:   87         SH:  0    Dex: 13    Spells: 1 memorised, 6 levels left

rFire  . . .     SeeInvis .     i - +0 dagger (freeze)
rCold  . . .     Gourm    .     a - +0 robe
rNeg   . . .     Faith    .     (no shield)
rPois  .         Spirit   .     (no helmet)
rElec  .         Dismiss  .     (no cloak)
rCorr  .         Reflect  .     (no gloves)
SustAt .         Harm     .     (no boots)
MR     .....                    (no amulet)
Stlth  ++........               (no ring)
                                (no ring)

@: not resistant to hostile enchantments, unstealthy
A: repulsion field 1, spiny 2
a: no special abilities


You were on level 3 of the Dungeon.
You were not hungry.

You visited 1 branch of the dungeon, and saw 3 of its levels.

You collected 87 gold pieces.

Inventory:

Hand Weapons
 i - a +0 dagger of freezing (weapon)
Armour
 a - a +0 robe (worn)
Scrolls
 d - a scroll of fear {unknown}
 e - 3 scrolls of identify {unknown}
 f - 2 scrolls of blinking {unknown}
 j - a scroll of amnesia {unknown}
 k - a scroll of remove curse {unknown}
Potions
 l - 2 potions of curing {unknown}
Books
 b - a book of Necromancy

   Spells                             Type                      Level
   a - Pain                           Necromancy                   1
   b - Animate Skeleton               Necromancy                   1
   c - Vampiric Draining              Necromancy                   3
   d - Regeneration                   Charms/Necromancy            3
   e - Animate Dead                   Necromancy                   4
   f - Control Undead                 Necromancy                   4
Comestibles
 c - 3 bread rations
 h - 3 meat rations


   Skills:
 - Level 1.7 Dodging
 - Level 1.7 Stealth
 - Level 2.0 Spellcasting
 + Level 6.6 Necromancy


You had 6 spell levels left.
You knew the following spells:

 Your Spells              Type           Power        Failure   Level  Hunger
a - Pain                  Necr           ####         1%          1    #......


Dungeon Overview and Level Annotations

Branches:
Dungeon (3/15)

Altars:
Hepliaklqana
Xom

Annotations:
D:3 George's ghost, amateur HOFi


Innate Abilities, Weirdness & Mutations

You are surrounded by a mild repulsion field. (EV +2)
You are mostly covered in sharp spines.


Message History

Press: ? - help, Shift-Dir - straight line, f - orc priest
Aim: an orc priest (chance to defeat MR: 84%)
The orc priest convulses in agony!
The orc wizard miscasts a cantrip.
The orc priest calls down the wrath of Beogh upon you.
Beogh smites you!
Casting: Pain
Confirm with . or Enter, or press ? or * to list all spells.
Aiming: Pain
Press: ? - help, Shift-Dir - straight line, f/p - orc priest
Aim: an orc priest (lightly wounded, chance to defeat MR: 84%)
Okay, then.
The orc wizard casts a spell at you. The magic dart hits you!
* * * LOW HITPOINT WARNING * * *
The crimson imp is struck by your spines.
The crimson imp hits you but does no damage.
The orc priest mumbles some strange prayers to Beogh against you.
Beogh smites you!
You die...

### #.# #.# #.# #.#
#.# #.# ####.#
############@5..#
.###..>.......†..#.#
............####.).#
####.#.####.# ##.o#
... .... #..# #.#.
#..### #..# #.#.
#..# ..o. # #. #..$
...## .. ...# #..#


You could see an orc priest, an orc wizard and a crimson imp.

Vanquished Creatures
  A worker ant (D:3)
  2 adders (D:2)
  An ooze (D:2)
  A dart slug (D:1)
  A giant gecko (D:2)
  2 giant cockroaches (D:1)
  7 goblins
  5 hobgoblins
  4 jackals
  2 quokkas (D:2)
  8 bats
  4 giant newts
  8 kobolds
  9 rats
55 creatures vanquished.

Notes
Turn   | Place    | Note
--------------------------------------------------------------
     0 | D:1      | seren the Demonspawn Necromancer began the quest for the Orb.
     0 | D:1      | Reached XP level 1. HP: 13/13 MP: 3/3
   422 | D:1      | Gained mutation: You are partially covered in sharp spines. [demonic ancestry]
   422 | D:1      | Reached XP level 2. HP: 12/19 MP: 1/5
   439 | D:1      | Reached skill level 5 in Necromancy
  1274 | D:2      | Gained mutation: You are mostly covered in sharp spines. [demonic ancestry]
  1274 | D:2      | Reached XP level 3. HP: 22/24 MP: 6/6
  1692 | D:2      | Found a hazy altar of Hepliaklqana.
  1704 | D:2      | Reached skill level 6 in Necromancy
  1808 | D:2      | Gained mutation: You are surrounded by a mild repulsion field. (EV +2) [demonic ancestry]
  1808 | D:2      | Reached XP level 4. HP: 18/30 MP: 3/7
  2121 | D:3      | Found a shimmering altar of Xom.
  2132 | D:3      | Noticed George's ghost (amateur HOFi)
  2324 | D:3      | Killed from afar by an orc priest

Vault maps used:
D:1:      matt_arrival_refuge, minmay_misc_feat_doors
D:2:      lemuel_round_altar
D:3:      lemuel_crystal_altar, led_xom_imps, trog_hazing_becter

Skill      XL: |  1  2  3 |
---------------+----------+-----
Necromancy     | 5 6 |  6.6
Dodging        | |  1.7
Stealth        | |  1.7
Spellcasting   | |  2.0

Action                   |  1- 3 |  4- 6 || total
-------------------------+-------+-------++-------
Melee: Unarmed           |    15 |       ||    15
       Dagger            |    65 |    10 ||    75
 Cast: Pain              |    25 |     5 ||    30
 Stab: Sleeping          |     2 |       ||     2
  Eat: Chunk             |     3 |     2 ||     5
Armor: Robe              |    13 |     1 ||    14
Dodge: Dodged            |    41 |     8 ||    49
